 Dungeon Crawl Stone Soup version 0.29-a0-22-gbf593b16ee (console) character file.

Game seed: 16883110418476432927

298065 jejorda2 the Phalangite (level 20, -1/258 HPs)
             Began as a Merfolk Berserker on Jan 29, 2022.
             Was a High Priest of Trog.
             Slain by a saltling (18 damage)
             ... in the Desolation of Salt.
             The game lasted 02:09:24 (50815 turns).

jejorda2 the Phalangite (Merfolk Berserker)        Turns: 50815, Time: 02:09:24

Health: -1/258     AC: 37    Str: 29    XL:     20   Next: 95%
Magic:  11/11      EV: 10    Int:  7    God:    Trog [*****.]
Gold:   2543       SH:  0    Dex:  8    Spells: 19/19 levels left

rFire   + + +      SeeInvis .   a - +5 bardiche (flame)
rCold   + . .      Faith    .   (shield currently unavailable)
rNeg    + . .      Spirit   .   S - +2 crystal plate armour
rPois   +          Reflect  .   R - +0 helmet
rElec   .          Harm     .   I - scarf {rC+ rF+}
rCorr   +          Rampage  .   w - +2 pair of gloves {Str+3}
Will    +++..                   Q - +2 pair of boots of the Eternal Fruit {Will++}
Stlth   ..........              f - amulet of regeneration
HPRegen 1.33/turn               k - ring "Yfreiggo" {Fly rCorr MP-9 Slay+3}
MPRegen 0.12/turn               p - ring of Sadug {rPois rF++ rN+ rCorr Dex-5}

@: berserking, flying, studying Invocations, very quick
A: (nimble swimmer 2), mertail
}: 2/15 runes: decaying, serpentine
a: Renounce Religion, Berserk, Trog's Hand, Brothers in Arms


You were in the Desolation of Salt.
You worshipped Trog.
Trog was extremely pleased with you.
You visited 6 branches of the dungeon, and saw 35 of its levels.
You also visited: Bailey, Ice Cave and Desolation.

You collected 4668 gold pieces.
You spent 2125 gold pieces at shops.

Inventory:

Hand Weapons
 a - a +5 bardiche of flaming (weapon)
 b - the +8 glaive "Goblin's Undoing" {vorpal, rElec}
   (Trog gifted it to you on level 3 of the Swamp)

   It inflicts extra damage upon your enemies.
   rElec:     It insulates you from electricity.
Missiles
 j - 8 javelins
 v - a throwing net
 E - 22 boomerangs (quivered)
 G - 15 poisoned darts
 O - 2 curare-tipped darts
Armour
 w - a +2 pair of gloves of strength (worn)
 I - a scarf of resistance (worn)
 Q - the +2 pair of boots of the Eternal Fruit (worn) {Will++}
   (You bought it in a shop on level 1 of the Orcish Mines)

   Will:      It greatly increases your willpower.
 R - a +0 helmet (worn)
 S - a +2 crystal plate armour (worn)
Jewellery
 f - an amulet of regeneration (around neck)
 k - the ring "Yfreiggo" (left hand) {Fly rCorr MP-9 Slay+3}
   (You found it on level 7 of the Dungeon)

   [ring of flight]

   Slay:      It affects your accuracy & damage with ranged weapons and melee
   (+3).
   MP:        It affects your magic capacity (-9).
   Fly:       It grants you flight.
   rCorr:     It protects you from acid and corrosion.
 m - the ring of Temptation {rC+ Slay+5}
   (You acquired it on level 2 of the Lair of Beasts)

   [ring of protection from cold]

   Slay:      It affects your accuracy & damage with ranged weapons and melee
   (+5).
   rC:        It protects you from cold.
 p - the ring of Sadug (right hand) {rPois rF++ rN+ rCorr Dex-5}
   (You bought it in a shop on level 9 of the Dungeon)

   [ring of positive energy]

   Dex:       It affects your dexterity (-5).
   rF:        It greatly protects you from fire.
   rPois:     It protects you from poison.
   rN:        It protects you from negative energy.
   rCorr:     It protects you from acid and corrosion.
Wands
 c - a wand of flame (35)
 g - a wand of acid (13)
 i - a wand of polymorph (20)
 n - a wand of iceblast (53)
 r - a wand of mindburst (25)
 x - a wand of paralysis (15)
 F - a wand of digging (21)
 J - a wand of charming (13)
Scrolls
 h - 4 scrolls of fog
 t - 7 scrolls of blinking
 y - 10 scrolls of teleportation
 z - 4 scrolls of fear
 M - 3 scrolls of holy word
Potions
 l - 13 potions of curing
 o - 4 potions of attraction
 s - a potion of cancellation
 A - 6 potions of heal wounds
 B - 3 potions of haste
 C - 3 potions of invisibility
 L - a potion of ambrosia
 P - 4 potions of mutation
 T - 4 potions of berserk rage
 X - a potion of resistance
 Y - a potion of might
Miscellaneous
 e - a lightning rod (4/4)
 q - a tin of tremorstones (2/2)
 u - a condenser vane
 V - a phial of floods


   Skills:
 + Level 18.5 Fighting
 - Level 24.0 Polearms
 * Level 18.6 Armour
 - Level 15.4 Dodging
 + Level 12.0 Evocations


You had 19 spell levels left.
You didn't know any spells.
Your spell library was empty.

Dungeon Overview and Level Annotations

Branches:
Dungeon (15/15)            Temple (0/1) D:6            Lair (6/6) D:10
  Swamp (4/4) Lair:3        Snake (4/4) Lair:4        Slime (0/5) Lair:5
    Orc (2/2) D:11            Elf (0/3) Orc:2        Vaults (4/5) D:13
  Crypt (0/3) Vaults:2     Depths (0/4) D:15         Bailey (visited)
  IceCv (visited)         Desolation (1/1)

Altars:
Cheibriados
Hepliaklqana
Kikubaaqudgha
Nemelex Xobeh
Okawaru
Ru
Trog
Uskayaw
Vehumet
Wu Jian
Beogh
Lugonu

Shops:
D:9 =   Orc:1 [   Orc:2 [(**!   Snake:2 (   Snake:4 ?   Vaults:2 (

Portals:
Abyss: Lair:6


Innate Abilities, Weirdness & Mutations

((You are very nimble when in or above water. (Stealth+, EV+, Speed+++)))
Your lower body shifts to a powerful aquatic tail in water.


Message History

You burn the servant of whispers!!
The air resumes its normal movements.
You kill the servant of whispers!
Trog accepts your kill. The guardian serpent barely misses you.
The saltling completely misses you.
The servant of whispers completely misses you.
The saltling hits you!!
* * * LOW HITPOINT WARNING * * *
You slash the servant of whispers! You burn the servant of whispers.
The servant of whispers is lightly wounded.
The guardian serpent hits you but does no damage.
You carve the servant of whispers like a ham!!!
You burn the servant of whispers!
You kill the servant of whispers!
Trog accepts your kill. The saltling completely misses you.
The saltling closely misses you.
The guardian serpent closely misses you.
You barely miss the guardian serpent.
The saltling hits you but does no damage.
The saltling hits you.
* * * LOW HITPOINT WARNING * * *
You slice the guardian serpent like a ripe choko!!!
You burn the guardian serpent.
The guardian serpent is almost dead.
The guardian serpent misses you.
You open the guardian serpent like a pillowcase!!!
You burn the guardian serpent.
You kill the guardian serpent!
Trog accepts your kill.
Trog appreciates your killing of a magic user.
The saltling hits you but does no damage. x2
The saltling hits you!!
* * * LOW HITPOINT WARNING * * *
You hit the saltling. You burn the saltling.
The saltling is lightly damaged.
You open the saltling like a pillowcase!!!
You burn the saltling.
You destroy the saltling!
Trog accepts your kill. The saltling closely misses you.
The saltling hits you!!
You die...

#.... .....
#..............
#....§..........
#....§.§§§......
#....§§§§§§.....
#.....§.§§......
#....§9§§§§.....
#....§99§§§§....
#....§@§........
#....))†.§.§§..#
#.......§.§§§...
#........§§§§§..
#...#...§§§§§§
#...#..§§.§#§.
#......§.§§§..
#.......§§§§..
#.............


You could see 3 saltlings.

Vanquished Creatures
  A tentacled monstrosity (Swamp:4)
  Rupert (D:13)
  A titan (Vaults:2)
  2 sphinxes (Vaults:2)
  Gastronok (Lair:2)
  A thorn hunter (Swamp:1)
  A fire giant (Vaults:1)
  6 nagarajas
  Louise (D:14)
  8 vault wardens
  Aizul (Vaults:2)
  3 stone giants
  7 ironbound preservers
  3 very ugly things (Vaults:2)
  3 eleionomae
  4 ironbound thunderhulks
  A bunyip (Swamp:4)
  An ettin (Vaults:1)
  A ragged hierophant (Desolation)
  Josephine (D:11)
  22 hydras
  5 yaktaur captains
  A spriggan air mage (Swamp:2)
  3 servants of whispers (Desolation)
  3 rakshasas
  2 great orbs of eyes
  3 boulder beetles
  A peacekeeper (Desolation)
  2 salamander tyrants (Snake:3)
  9 vault guards
  18 naga warriors
  A ghost crab (Swamp:4)
  2 catoblepae
  3 ironbound frosthearts
  10 anacondas
  8 two-headed ogres
  11 centaur warriors
  2 death knights (Vaults:2)
  A tengu warrior (D:15)
  11 alligators
  A spriggan berserker (Swamp:4)
  9 shock serpents
  4 orc high priests (Orc:2)
  18 naga sharpshooters
  Nergalle (D:10)
  A shadow wraith (Vaults:2)
  3 thrashing horrors (Lair:6)
  Sonja (Lair:6)
  2 goliath frogs
  A glowing orange brain (D:15)
  8 salamander mystics
  15 swamp dragons
  9 naga ritualists
  2 bog bodies (Swamp:2)
  2 spriggan druids
  12 deep trolls
  5 wizards
  4 lindwurms
  12 ironbound convokers
  A harpy (shapeshifter) (Lair:6)
  2 necromancers
  11 harpies (Vaults:2)
  2 orc knights (Orc:2)
  4 deep elf pyromancers
  2 orc sorcerers
  11 mana vipers
  17 ugly things
  3 will-o-the-wisps
  5 manticores
  8 cyclopes
  A manticore (shapeshifter) (D:15)
  27 salamanders
  A cyclops (shapeshifter) (D:14)
  11 vault sentinels
  Maurice (D:13)
  9 guardian serpents
  4 centaur zombies (D:11)
  An ice statue (IceCv)
  41 black mambas
  2 smoke demons (Lair:6)
  19 elephants
  A torpor snail (Lair:6)
  4 orange demons (D:15)
  25 naga magi
  10 cane toads
  4 kobold demonologists
  13 yaktaurs
  A gargoyle (D:7)
  3 rime drakes
  A yaktaur (shapeshifter) (D:14)
  Maggie (D:6)
  Psyche (D:11)
  An entropy weaver simulacrum (IceCv)
  13 ice devils (IceCv)
  5 freezing wraiths (IceCv)
  An anaconda simulacrum (IceCv)
  15 komodo dragons
  2 efreet
  2 unseen horrors
  8 trolls
  5 tengu conjurers
  2 ancient zymes (Lair:6)
  2 polar bears (Lair:3)
  2 burning bushes (Lair:4)
  Prince Ribbit (D:6)
  7 saltlings (Desolation)
  3 hornets
  11 slime creatures
  9 tyrant leeches
  7 dream sheep (Lair:3)
  39 blink frogs
  4 spriggans
  A vampire (D:13)
  A water elemental (D:15)
  2 dire elephant simulacra (IceCv)
  7 wraiths
  A spriggan (shapeshifter) (D:13)
  4 wyverns
  A shadow (D:10)
  5 humans (Bailey)
  27 yaks
  11 vampire mosquitoes
  2 steam dragons
  8 small abominations (Lair:6)
  Eustachio (D:4)
  6 death yak simulacra (IceCv)
  9 basilisks
  4 chaos spawn (Lair:6)
  A harpy simulacrum (IceCv)
  5 wargs (Orc:1)
  17 water moccasins
  75 nagas
  2 acid dragons
  25 swamp worms
  Duvessa (D:6)
  8 swamp drakes
  2 black bears
  An ice beast (D:7)
  30 orc warriors
  A sky beast (D:7)
  A hornet zombie (D:8)
  6 ogres
  15 wolves
  10 centaurs
  2 phantoms (D:4)
  A kobold brigand (D:10)
  23 bullfrogs
  2 gnoll sergeants
  11 scorpions
  2 wyvern zombies
  2 two-headed ogre simulacra (IceCv)
  2 cane toad simulacra (IceCv)
  A water moccasin zombie (D:5)
  Dowan (D:6)
  A water moccasin skeleton (D:6)
  11 killer bees
  4 elephant simulacra (IceCv)
  A wight (D:7)
  2 electric eels
  A howler monkey (D:7)
  A bullfrog zombie (D:6)
  34 orc priests
  7 hounds
  Crazy Yiuf (D:7)
  2 centaur skeletons
  17 jellies
  2 iguanas (D:5)
  24 orc wizards
  15 hell rats
  4 yak simulacra (Lair:6)
  A troll simulacrum (IceCv)
  7 polar bear simulacra
  A spriggan simulacrum (IceCv)
  2 killer bee zombies (D:7)
  3 wolf simulacra
  A hound zombie (D:5)
  A hound skeleton (D:4)
  3 howler monkey zombies
  6 adders
  9 gnolls
  A naga simulacrum (IceCv)
  15 river rats (Lair:3)
  A shadow imp (D:5)
  3 white imps
  4 ufetubi
  2 adder skeletons
  A worm (D:3)
  3 dart slugs
  79 orcs
  6 ball pythons
  4 endoplasms
  3 giant cockroaches (D:3)
  10 goblins
  12 hobgoblins
  9 kobolds
  11 quokkas
  7 bats
  2 frilled lizards
  9 rats
  5 river rat simulacra (Lair:6)
  3 briar patches (Swamp:1)
1350 creatures vanquished.

Vanquished Creatures (collateral kills)
  the Lernaean hydra (Swamp:4)
  Vashnia (Snake:2)
  An ironbound preserver (Vaults:2)
  An orc high priest (Orc:2)
  A naga sharpshooter (Snake:2)
  2 shock serpents (Snake:4)
  A swamp dragon (Swamp:4)
  3 deep trolls (Vaults:2)
  A naga ritualist (Snake:4)
  4 orc knights (Orc:2)
  A harpy (Vaults:2)
  3 salamanders (Snake:4)
  2 black mambas (Snake:4)
  2 nagas (Snake:4)
  8 orc warriors (Orc:2)
  2 orc priests (Orc:2)
  6 orcs (Orc:2)
40 creatures vanquished.

Vanquished Creatures (others)
  A bloated husk (Swamp:2)
  A basilisk (Lair:4)
  A centaur (D:15)
  3 orcs (Orc:1)
  10 foxfires
  43 fungi
  36 plants
95 creatures vanquished.

Grand Total: 1485 creatures vanquished

Notes
Turn   | Place    | Note
-------+----------+-------------------------------------------
     0 | D:1      | jejorda2 the Merfolk Berserker began the quest for the Orb.
     0 | D:1      | Reached XP level 1. HP: 18/18 MP: 1/1
   101 | D:1      | Reached XP level 2. HP: 24/24 MP: 2/2
   234 | D:1      | Reached skill level 5 in Polearms
   475 | D:1      | Reached XP level 3. HP: 30/30 MP: 3/3
  1030 | D:2      | Found a hazy altar of Hepliaklqana.
  1318 | D:2      | Reached XP level 4. HP: 37/37 MP: 4/4
  1384 | D:2      | Reached ** piety under Trog
  1501 | D:3      | Found a faded altar of an unknown god.
  1659 | D:3      | Reached skill level 6 in Polearms
  2056 | D:3      | Reached XP level 5. HP: 24/42 MP: 5/5
  2530 | D:4      | Found a sparkling altar of Nemelex Xobeh.
  2553 | D:4      | Noticed an ogre
  2562 | D:4      | Killed an ogre
  2563 | D:4      | Reached skill level 7 in Polearms
  2651 | D:4      | Noticed a phantom
  2679 | D:4      | Killed a phantom
  2680 | D:4      | Reached XP level 6. HP: 41/49 MP: 6/6
  3062 | D:4      | Reached skill level 5 in Fighting
  3062 | D:4      | Reached skill level 8 in Polearms
  3177 | D:4      | Reached XP level 7. HP: 23/56 MP: 7/7
  3596 | D:4      | Reached skill level 9 in Polearms
  3683 | D:4      | Noticed Eustachio
  3704 | D:4      | Killed Eustachio
  4009 | D:5      | Entered Level 5 of the Dungeon
  4110 | D:5      | Reached XP level 8. HP: 64/64 MP: 8/8
  4222 | D:5      | Reached skill level 10 in Polearms
  4571 | D:5      | Noticed a two-headed ogre
  4579 | D:5      | Killed a two-headed ogre
  4580 | D:5      | Reached skill level 12 in Polearms
  4580 | D:5      | Reached XP level 9. HP: 53/69 MP: 9/9
  5064 | D:5      | Reached skill level 13 in Polearms
  5779 | D:6      | Reached skill level 5 in Armour
  5874 | D:6      | Noticed Duvessa
  5892 | D:6      | Killed Duvessa
  5907 | D:6      | Noticed Dowan
  5918 | D:6      | Killed Dowan
  6039 | D:6      | Noticed Prince Ribbit
  6056 | D:6      | Killed Prince Ribbit
  6057 | D:6      | Reached skill level 14 in Polearms
  6198 | D:6      | Noticed Maggie
  6209 | D:6      | Killed Maggie
  6325 | D:6      | Found a staircase to the Ecumenical Temple.
  6791 | D:7      | Found an ornate altar of the Wu Jian Council.
  6935 | D:7      | Reached skill level 15 in Polearms
  7057 | D:7      | Found a bloodstained altar of Trog.
  7057 | D:7      | Found a snail-covered altar of Cheibriados.
  7353 | D:7      | Reached XP level 10. HP: 50/76 MP: 10/10
  7367 | D:7      | Identified the +4 short sword "Hellblazer" {venom, Fly rC+
                  | Str+2 Int+4}
  7664 | D:7      | Found a runed translucent door.
  7665 | D:7      | Noticed Crazy Yiuf
  7887 | D:7      | Reached *** piety under Trog
  7911 | D:7      | Reached skill level 16 in Polearms
  7947 | D:7      | Found a runed translucent door.
  7950 | D:7      | Found a runed translucent door.
  8041 | D:7      | Found a radiant altar of Vehumet.
  8181 | D:7      | Noticed a kobold demonologist
  8188 | D:7      | Killed a kobold demonologist
  8229 | D:7      | Noticed a two-headed ogre
  8241 | D:7      | Killed a two-headed ogre
  8242 | D:7      | Reached skill level 17 in Polearms
  8364 | D:7      | Noticed a two-headed ogre
  8371 | D:7      | Killed a two-headed ogre
  8422 | D:7      | Noticed a cyclops
  8422 | D:7      | Noticed a kobold demonologist
  8439 | D:7      | Killed a kobold demonologist
  8440 | D:7      | Reached skill level 18 in Polearms
  8444 | D:7      | Killed a cyclops
  8570 | D:7      | Noticed a gargoyle
  8571 | D:7      | Noticed a kobold demonologist
  8571 | D:7      | Noticed a deep elf pyromancer
  8581 | D:7      | Killed a gargoyle
  8591 | D:7      | Killed a kobold demonologist
  8592 | D:7      | Reached skill level 19 in Polearms
  8641 | D:7      | Killed a deep elf pyromancer
  8642 | D:7      | Reached XP level 11. HP: 21/81 MP: 11/11
  8923 | D:7      | Identified the ring "Yfreiggo" {Fly rCorr MP-9 Slay+3}
  9107 | D:7      | Killed Crazy Yiuf
  9321 | D:8      | Found a flagged portal.
  9420 | Bailey   | Entered a bailey
  9541 | Bailey   | Reached skill level 20 in Polearms
  9592 | Bailey   | Noticed a vault guard
  9607 | Bailey   | Killed a vault guard
  9666 | Bailey   | Noticed a vault guard
  9679 | Bailey   | Killed a vault guard
  9690 | Bailey   | Reached skill level 5 in Dodging
  9870 | Bailey   | Reached XP level 12. HP: 88/88 MP: 3/12
 10307 | D:8      | Paralysed by a hornet for 2 turns
 11091 | D:9      | Found a hide-covered altar of Uskayaw.
 11178 | D:9      | Found Urifam's Jewellery Shoppe.
 11245 | D:9      | Identified the +2 quarterstaff "Gamnoof" {venom, Contam
                  | Str+4 Int+4}
 11420 | D:9      | Noticed a yaktaur captain
 11430 | D:9      | Killed a yaktaur captain
 11820 | D:9      | Noticed a two-headed ogre
 11828 | D:9      | Killed a two-headed ogre
 12076 | D:9      | Bought the ring of Sadug {rPois rF++ rN+ rCorr Dex-5} for
                  | 613 gold pieces
 12082 | D:10     | Entered Level 10 of the Dungeon
 12162 | D:10     | Noticed a two-headed ogre
 12168 | D:10     | Killed a two-headed ogre
 12424 | D:10     | Found an iron altar of Okawaru.
 12657 | D:10     | Reached **** piety under Trog
 12673 | D:10     | Found a staircase to the Lair.
 12876 | D:10     | Noticed Nergalle
 12886 | D:10     | Killed Nergalle
 12940 | D:10     | Noticed a two-headed ogre
 12946 | D:10     | Killed a two-headed ogre
 12947 | D:10     | Reached XP level 13. HP: 98/98 MP: 4/13
 14039 | D:11     | Noticed Josephine
 14055 | D:11     | Killed Josephine
 14076 | D:11     | Found a frozen archway.
 14284 | IceCv    | Entered an ice cave
 15443 | IceCv    | Found an ancient bone altar of Kikubaaqudgha.
 17049 | D:11     | Found a staircase to the Orcish Mines.
 17184 | D:11     | Reached skill level 10 in Armour
 17482 | D:11     | Reached skill level 10 in Fighting
 17782 | D:11     | Noticed Psyche
 17789 | D:11     | Killed Psyche
 18229 | Lair:1   | Entered Level 1 of the Lair of Beasts
 18420 | Lair:1   | Reached XP level 14. HP: 98/111 MP: 5/14
 18521 | Lair:1   | You are sucked into a shaft and drop 1 floor!
 18864 | Lair:1   | Found a hide-covered altar of Uskayaw.
 18864 | Lair:1   | Found an ornate altar of the Wu Jian Council.
 20388 | Lair:2   | Identified a scroll of acquirement
 20388 | Lair:2   | Acquired the ring of Temptation {rC+ Slay+5}
 20567 | Lair:2   | Noticed Gastronok
 21013 | Lair:2   | Killed Gastronok
 22868 | Lair:3   | Reached ***** piety under Trog
 22869 | Lair:3   | Reached skill level 10 in Dodging
 23004 | Lair:3   | Acquired 789 gold pieces
 23596 | Lair:3   | Received a gift from Trog
 24290 | Lair:3   | Reached XP level 15. HP: 82/122 MP: 15/15
 24430 | Lair:3   | Found a staircase to the Swamp.
 24710 | Lair:4   | HP: 7/183 [poisoned by a black mamba]
 25473 | Lair:4   | Found a staircase to the Snake Pit.
 26434 | Lair:5   | Found a staircase to the Slime Pits.
 27183 | Lair:6   | Entered Level 6 of the Lair of Beasts
 27183 | Lair:6   | Noticed Sonja
 27193 | Lair:6   | Killed Sonja
 28817 | Lair:6   | Identified the +4 scythe of Ahyosy {holy, Str+4}
 29720 | Lair:6   | Found a corrupted altar of Lugonu.
 29720 | Lair:6   | Found a one-way gate to the infinite horrors of the Abyss.
 30398 | D:12     | Found an ancient bone altar of Kikubaaqudgha.
 30667 | D:12     | Reached XP level 16. HP: 133/133 MP: 7/16
 31212 | D:13     | Noticed Rupert
 31228 | D:13     | Killed Rupert
 31416 | D:13     | Found a gate to the Vaults.
 31475 | D:13     | Noticed Maurice
 31483 | D:13     | Killed Maurice
 31662 | D:13     | Received a gift from Trog
 32056 | Orc:1    | Entered Level 1 of the Orcish Mines
 32317 | Orc:2    | Entered Level 2 of the Orcish Mines
 32569 | Orc:1    | Found Astug's Armour Emporium.
 32986 | Orc:2    | Found Qyog's Antique Armour Boutique.
 33178 | Orc:2    | Found a staircase to the Elven Halls.
 34009 | Orc:2    | Found a radiant altar of Vehumet.
 34405 | Orc:2    | Reached skill level 15 in Armour
 34673 | Orc:2    | Found Sayl's Distillery.
 34676 | Orc:2    | Found Hublus's Assorted Antiques.
 34677 | Orc:2    | Found Seet's Antique Weapon Boutique.
 34678 | Orc:2    | Found Gechub's General Store.
 34883 | Orc:2    | Bought a tin of tremorstones (2/2) for 960 gold pieces
 34886 | Orc:2    | Bought a potion of ambrosia for 104 gold pieces
 34983 | Orc:1    | Bought the +2 pair of boots of the Eternal Fruit {Will++}
                  | for 448 gold pieces
 35090 | D:14     | Noticed Louise
 35105 | D:14     | Killed Louise
 35106 | D:14     | Reached skill level 15 in Fighting
 35205 | D:14     | Identified the +4 robe of Puckish Joy {Str+3}
 36296 | D:15     | Entered Level 15 of the Dungeon
 36300 | D:15     | Received a gift from Trog
 36914 | D:15     | Identified the +4 scale mail of the Lotus Blossom {*Corrode
                  | Regen+ Slay+5}
 36984 | D:15     | Reached skill level 21 in Polearms
 37385 | D:15     | Reached XP level 17. HP: 142/142 MP: 8/17
 37789 | D:15     | Found a staircase to the Depths.
 38148 | Swamp:1  | Entered Level 1 of the Swamp
 38441 | Swamp:1  | Reached skill level 22 in Polearms
 38739 | Swamp:1  | Identified the +8 war axe "Kadghis" {vamp, rElec rCorr
                  | Str+3 Int-4}
 39167 | Swamp:1  | You are sucked into a shaft and drop 1 floor!
 39199 | Swamp:2  | Identified the +9 scimitar "Quvaegh" {drain, rElec rF+
                  | Str-3 Dex+5}
 40524 | Swamp:3  | Reached skill level 23 in Polearms
 40704 | Swamp:3  | Identified the +7 war axe of Egomania {freeze, Stlth+}
 40941 | Swamp:3  | Identified the +8 glaive "Goblin's Undoing" {vorpal, rElec}
                  | (Trog gifted it to you on level 3 of the Swamp)
 40941 | Swamp:3  | Received a gift from Trog
 41053 | Swamp:4  | Entered Level 4 of the Swamp
 41163 | Swamp:4  | Reached skill level 24 in Polearms
 41172 | Swamp:4  | Reached ****** piety under Trog
 41238 | Swamp:4  | Noticed a tentacled monstrosity
 41251 | Swamp:4  | Killed a tentacled monstrosity
 41321 | Swamp:4  | Acquired a +2 crystal plate armour
 41434 | Swamp:4  | Noticed the 27-headed Lernaean hydra
 41441 | Swamp:4  | Killed the 26-headed Lernaean hydra
 41904 | Swamp:4  | Got a decaying rune of Zot
 42119 | Snake:1  | Entered Level 1 of the Snake Pit
 42256 | Snake:1  | Reached XP level 18. HP: 151/151 MP: 9/18
 42374 | Snake:1  | Received a gift from Trog
 43015 | Snake:2  | HP: 5/151 [constriction (5)]
 43279 | Snake:2  | Found Cyacs's Antique Weapon Shop.
 43410 | Snake:2  | Noticed Vashnia
 43427 | Snake:2  | Killed Vashnia
 43755 | Snake:2  | Received a gift from Trog
 43951 | Snake:2  | Found a sacrificial altar of Ru.
 45052 | Snake:3  | Received a gift from Trog
 45176 | Snake:4  | Entered Level 4 of the Snake Pit
 45224 | Snake:4  | Reached XP level 19. HP: 143/159 MP: 1/19
 45547 | Snake:4  | HP: 6/159 [shock serpent/bolt of electricity (33)]
 46610 | Snake:4  | Received a gift from Trog
 46767 | Snake:4  | Reached skill level 15 in Dodging
 46767 | Snake:4  | Reached skill level 10 in Evocations
 47124 | Snake:4  | Found Amyvogay's Magic Scroll Boutique.
 47385 | Snake:4  | Got a serpentine rune of Zot
 47740 | Vaults:1 | Entered Level 1 of the Vaults
 48411 | Vaults:1 | Identified the +5 flail of Ercheitu {drain, Dex+4}
 48656 | Vaults:1 | Reached XP level 20. HP: 161/168 MP: 11/20
 49180 | Vaults:2 | Received a gift from Trog
 49779 | Vaults:2 | Identified the +7 dire flail of Noon {flame, rC+} (Trog
                  | gifted it to you on level 2 of the Vaults)
 49779 | Vaults:2 | Received a gift from Trog
 50096 | Vaults:2 | Found a staircase to the Crypt.
 50170 | Vaults:2 | Noticed Aizul
 50178 | Vaults:2 | Killed Aizul
 50307 | Vaults:2 | Found Ytulieno's Weapon Shop.
 50546 | Vaults:2 | You are sucked into a shaft and drop 2 floors!
 50714 | Vaults:3 | Received a gift from Trog
 50733 | Vaults:3 | Found a crumbling gateway.
 50751 | Desolati | Entered the Desolation of Salt
 50815 | Desolati | Slain by a saltling

Illustrated notes

Levels and vault maps discovered:
D:1:      ebering_trefoil_twist, layout_loops_ring, minmay_heptomino_d4
D:2:      layout_basic, basic_altar
D:3:      layout_rooms, ebering_ecumenical_altar_box, chequers_garden,
          minmay_randomly_rotated_circles
D:4:      layout_loops_corners, mainiacjoe_overflow_chevrons,
          serial_bayou_pond_b, uniq_eustachio
D:5:      layout_basic
D:6:      layout_loops_cross, minmay_temple_entry_mini_moons, uniq_maggie,
          uniq_prince_ribbit1, uniq_duvessa
D:7:      minmay_the_grid_triangle_9x9_rhombus_full
          [minmay_the_grid_triangle_9x9_cache,
          minmay_the_grid_triangle_9x9_swiss_cheese,
          minmay_the_grid_triangle_9x9_dagger,
          minmay_the_grid_triangle_9x9_from_above,
          minmay_the_grid_triangle_9x9_tough_junction,
          minmay_the_grid_triangle_9x9_limited_checkers,
          minmay_the_grid_triangle_9x9_warning,
          minmay_the_grid_triangle_9x9_prize_insulated], layout_loops_cross,
          mainiacjoe_overflow_catwalk_spiral, jmf_multi_god_temple,
          uniq_crazy_yiuf_cottage
D:8:      layout_basic, enter_bailey_8, kennysheep_small_spiral
D:9:      layout_rooms, mainiacjoe_overflow_concentric_impassable, serial_shops,
          shop, minmay_three_doors
D:10:     layout_grid_maze, okawaru_trees_2, lair_entry_dummy, uniq_nergalle
D:11:     layout_big_octagon, minmay_orc_entry_temple_small,
          portal_ice_cave_rime, uniq_josephine, uniq_psyche
D:12:     layout_long_grid, kiku_gazebo_garden_becter
D:13:     layout_cave_pools, david_vaults_5, st_stairs_14, uniq_maurice,
          uniq_rupert
D:14:     layout_stronghold, minivault_11, uniq_louise
D:15:     gammafunk_enter_depths_forms, layout_rooms, serial_park_fountain,
          minivault_1, einodemon_barbed_minivault
Lair:1:   layout_chaotic_city, nzn_masters_of_martial_movement
Lair:2:   layout_cave_shapes, beast_lair_carwin_10, uniq_gastronok
Lair:3:   lemuel_ratsnest, layout_misc_corridors, palyth_hydra_swamp_entry,
          gammafunk_lair_bear_cave
Lair:4:   beast_lair_carwin_large_3, layout_long_grid,
          minmay_snake_entry_guardpost_small, evilmike_ambush
          [evilmike_ambush_outer_basic, evilmike_ambush_inner_pond],
          infiniplex_staircase_pool_2
Lair:5:   layout_small_grid, minmay_slime_entry_jelly_boxes
Lair:6:   hellmonk_lair_end_abyssal_woods, layout_hall_layers,
          eino_house_with_fridge, uniq_sonja
Swamp:1:  layout_basic_swamp, evilmike_swamp_ruin_house_3, swamp_pool1
Swamp:2:  layout_falls_marsh, serial_swamp_ruin, evilmike_swamp_ruin_house_2,
          evilmike_swamp_ruin_house_1
Swamp:3:  layout_basic_swamp, hangedman_swamp_ruin_wall
Swamp:4:  swamp_old_school, layout_basic_swamp, swamp_pool3
Snake:1:  layout_misc_corridors, serial_bayou_shore_b
Snake:2:  layout_basic, serial_shops, nicolae_shop_advertising_works
          [nicolae_subvault_shop_adworks], basic_altar,
          hangedman_snake_corridor_split, uniq_vashnia
Snake:3:  layout_honeycomb, grunt_ministairs_13
Snake:4:  johnstein_snake_rune_scales, layout_gridlike, serial_shops,
          nicolae_shop_window_shopping, nicolae_snake_guarding_the_ruins,
          lemuel_fruit_tree
Orc:1:    layout_caves, serial_shops, nicolae_square_shop
Orc:2:    st_orc_pillars, layout_diamond_mine, serial_shops, shop_fountains,
          basic_altar
Vaults:1: hangedman_vaults_slice, st_hourglassy, serial_ice_g, v_misc_19,
          hangedman_vaults_pinch, hangedman_vaults_locks,
          ontoclasm_vaults_decontamination, layout_vaults_chaotic_city
Vaults:2: v_misc_26, dpeg_vaults_monster_box, blue_anna_dwarven_crypt,
          v_alt_pattern_6, nicolae_vaults_specimen_jars,
          hangedman_vaults_capsules, v_rooms_5, hangedman_vaults_restitches,
          nicolae_vaults_c_with_doors, vaults_dpeg_ring, vaults_dpeg_hooks,
          v_misc_8, layout_vaults_omnicross, uniq_aizul
Vaults:3: portal_desolation_entry_garden, v_misc_10, vaults_standard_mumra_x,
          hangedman_vaults_trim, hangedman_vaults_hat, v_misc_16,
          ontoclasm_vaults_ring_large, v_rooms_6, vaults_room_door_hall,
          ontoclasm_vaults_fault, ontoclasm_vaults_shout, layout_vaults_ring
Vaults:4: hangedman_vaults_hard_town_square, nicolae_vaults_ring_of_whatevers,
          nicolae_vaults_stairing_the_circle, v_misc_17, v_misc_27,
          vaults_dpeg_doors, layout_vaults_omnigrid
Desolation

Skill      XL: |  1  2  3  4  5  6  7  8  9 10 11 12 13 14 15 16 17 18 19 20 |
---------------+-------------------------------------------------------------+-----
Polearms       | 5 6 7 8 9 12 15 19 20 21 24 | 24.0
Armour         | 2 3 4 5 6 7 10 12 14 15 16 17 18 | 18.6
Fighting       | 4 5 6 7 10 12 14 15 16 17 18 | 18.5
Dodging        | 9 10 11 12 14 15 | 15.4
Evocations     | 7 9 10 12 | 12.0

Action                   |  1- 3 |  4- 6 |  7- 9 | 10-12 | 13-15 | 16-18 | 19-21 || total
-------------------------+-------+-------+-------+-------+-------+-------+-------++-------
Melee: Spear             |    96 |   218 |    76 |       |       |       |       ||   390
       Punch             |       |       |     6 |     4 |    16 |     1 |       ||    27
       Trident           |       |       |   261 |   413 |  1036 |     6 |       ||  1716
       Halberd           |       |       |       |       |   322 |       |       ||   322
       Tailslap          |       |       |       |       |     2 |       |       ||     2
       Glaive            |       |       |       |       |   103 |   697 |    52 ||   852
       Bardiche          |       |       |       |       |       |   722 |   799 ||  1521
Throw: Stone             |     7 |    29 |    12 |     8 |    14 |    21 |    10 ||   101
       Dart              |       |       |       |       |     1 |       |       ||     1
Invok: Berserk           |     1 |     3 |     7 |    16 |    34 |    14 |     6 ||    81
       Trog's Hand       |       |       |     3 |     3 |     6 |     6 |     2 ||    20
       Brothers in Arms  |       |       |       |       |     1 |     4 |     5 ||    10
Evoke: Wand              |       |       |       |    10 |     3 |       |     9 ||    22
       Condenser vane    |       |       |       |       |     1 |     1 |       ||     2
       Phial of floods   |       |       |       |       |       |       |     1 ||     1
       Tin of tremorston |       |       |       |       |       |       |     1 ||     1
  Use: Scroll            |       |       |    15 |     9 |    10 |     3 |     4 ||    41
       Potion            |       |       |       |     2 |     1 |     1 |     2 ||     6
 Stab: Sleeping          |     4 |       |       |       |       |       |       ||     4
       Paralysed         |       |       |       |     7 |     1 |       |       ||     8
       Distracted        |       |       |       |       |     1 |       |       ||     1
       Petrified         |       |       |       |       |       |     7 |       ||     7
       Confused          |       |       |       |       |       |     2 |       ||     2
Armor: Animal skin       |     2 |       |       |       |       |       |       ||     2
       Plate armour      |    13 |     5 |    25 |   112 |   524 |   198 |       ||   877
       Leather armour    |     4 |       |       |       |       |       |       ||     4
       Chain mail        |       |    47 |    54 |       |   135 |   114 |       ||   350
       Crystal plate arm |       |       |       |       |       |   271 |   480 ||   751
Dodge: Dodged            |    27 |    58 |    61 |    87 |   620 |   431 |   274 ||  1558

Table legend: (Time is in decaauts)
 A = Elapsed time spent in this place.
 B = Non-inter-level travel time spent in this place.
 C = Inter-level travel time spent in this place.
 D = Time resting spent in this place.
 E = Time spent auto-exploring this place.
 F = Levels seen in this place.
 G = Mean time per level.
                   A        B        C        D        E       F      G
               +--------+--------+--------+--------+--------+-----+--------+
         Total |  49600 |  47470 |   2130 |   8527 |  31182 |  38 | 1305.3 |
       Dungeon |  20160 |  19345 |    815 |   2802 |  13741 |  15 | 1344.0 |
          Lair |  11747 |  11272 |    475 |   2230 |   7571 |   6 | 1957.8 |
         Swamp |   3478 |   3310 |    168 |    297 |   2502 |   4 |  869.5 |
     Snake Pit |   5273 |   5063 |    210 |    815 |   2925 |   4 | 1318.2 |
  Orcish Mines |   2923 |   2636 |    287 |    254 |   1930 |   2 | 1461.5 |
        Vaults |   2882 |   2710 |    172 |    226 |   1856 |   4 |  720.5 |
        Bailey |    427 |    427 |      0 |    121 |    173 |   1 |  427.0 |
      Ice Cave |   2658 |   2658 |      0 |   1780 |    469 |   1 | 2658.0 |
    Desolation |     47 |     47 |      0 |      0 |     13 |   1 |   47.0 |
               +--------+--------+--------+--------+--------+-----+--------+

Top non-repeatable levels by time:
  Lair:3: 3043 daAuts
   IceCv: 2658 daAuts
  Lair:1: 2648 daAuts
     D:7: 2517 daAuts
  Lair:6: 2285 daAuts
    D:10: 2094 daAuts
   Orc:2: 1835 daAuts
    D:11: 1751 daAuts
     D:5: 1744 daAuts
 Snake:4: 1719 daAuts
    D:15: 1593 daAuts
  Lair:2: 1540 daAuts
     D:4: 1517 daAuts
 Snake:3: 1507 daAuts
Vaults:2: 1437 daAuts
